 Dungeon Crawl Stone Soup version 0.23.2-1-ga50397a6bc (webtiles) character file.

Game seed: 6815514297348161062

25 Dovamih the Sneak (level 2, 0/13 HPs)
             Began as a Spriggan Enchanter on May 30, 2019.
             Killed from afar by a dart slug (4 damage)
             ... with a slug dart
             ... on level 1 of the Dungeon.
             The game lasted 00:02:25 (1072 turns).

Dovamih the Sneak (Spriggan Enchanter)              Turns: 1072, Time: 00:02:26

Health: 0/13       AC:  2    Str:  1 (4)  XL:     2   Next: 86%
Magic:  7/7        EV: 18    Int: 14 (16) God:
Gold:   17         SH:  0    Dex: 14 (16) Spells: 6/7 levels left

rFire    . . .     SeeInvis +   a - +1 dagger
rCold    . . .     Gourm    .   (shield restricted)
rNeg     . . .     Faith    .   b - +0 robe
rPois    .         Spirit   .   (helmet restricted)
rElec    .         Reflect  .   (no cloak)
rCorr    .         Harm     .   (gloves unavailable)
MR       .....                  (boots unavailable)
Stlth    +++.......             (no amulet)
HPRegen  0.04/turn              (no ring)
MPRegen  0.10/turn              (no ring)

@: very quick
A: very small, unfitting armour, see invisible, herbivore, speed 3, slow
metabolism 2
a: no special abilities


You were on level 1 of the Dungeon.
You were not hungry.

You visited 1 branch of the dungeon, and saw 1 of its levels.

You collected 17 gold pieces.

Inventory:

Hand Weapons
 a - a +1 dagger (weapon)
Armour
 b - a +0 robe (worn)
Scrolls
 c - a scroll of identify {unknown}
 e - a scroll of magic mapping {unknown}
Comestibles
 d - a ration


   Skills:
 + Level 1.5 Short Blades
 * Level 3.7 Dodging
 + Level 4.7 Stealth
 * Level 3.2 Spellcasting
 + Level 3.8 Hexes


You had 6 spell levels left.
You knew the following spells:

 Your Spells              Type           Power        Failure   Level  Hunger
a - Corona                Hex            ##.....      4%          1    #......

Your spell library contained the following spells:

 Spells                   Type           Power        Failure   Level  Hunger
 Confuse                  Hex            ##......     13%         3    ###....
 Tukima's Dance           Hex            ##......     13%         3    ###....
 Ensorcelled Hibernation  Hex/Ice        #.....       14%         2    ##.....
 Dazzling Spray           Conj/Hex       #.....       28%         3    ###....


Dungeon Overview and Level Annotations

Branches:
Dungeon (1/15)

Altars:


Innate Abilities, Weirdness & Mutations

You are very small and have problems with some larger weapons.
You are too small for most types of armour.
You have supernaturally acute eyesight. (SInv)
You are a herbivore.
You cover ground extremely quickly.
You need to consume almost no food.


Message History

You hit the bat.
The bat is severely wounded.
The bat misses you.
You hit the dart slug but do no damage. The kobold completely misses you.
The dart slug barely misses you.
You barely miss the bat.
The bat is severely wounded.
The bat closely misses you. The kobold hits you with a +0 dagger.
You are too injured to fight recklessly!
You are too injured to fight recklessly!
You are too injured to fight recklessly!
You are too injured to fight recklessly!
You are too injured to fight recklessly!
You are too injured to fight recklessly!
You are too injured to fight recklessly!
The bat misses you. The bat barely misses you.
The dart slug launches a dart at you. The slug dart hits you.
You die...

.#### #..#..........# .#
####..#..........#
.####...#.............#
...#.................#
...................w#
###.............(..###
#............##..K.#
####........".###....#
................@b...##
####††................#
#.........####.....#
####.........#######....#
........................#
####.........#######....#
#.........# #####
#.........# #.........#


You could see a dart slug, a bat and a kobold.

Vanquished Creatures
  A dart slug (D:1)
  2 leopard geckos (D:1)
  A ball python (D:1)
  A giant cockroach (D:1)
  5 hobgoblins (D:1)
  2 jackals (D:1)
  2 kobolds (D:1)
  6 rats (D:1)
20 creatures vanquished.

Notes
Turn   | Place    | Note
-------+----------+-------------------------------------------
     0 | D:1      | Dovamih the Spriggan Enchanter began the quest for the Orb.
     0 | D:1      | Reached XP level 1. HP: 9/9 MP: 5/5
   327 | D:1      | Reached XP level 2. HP: 4/13 MP: 7/7
  1072 | D:1      | Killed from afar by a dart slug

Skill      XL: |  1 |
---------------+----+-----
Spellcasting   | 3 |  3.2
Short Blades   | |  1.5
Dodging        | |  3.7
Stealth        | |  4.7
Hexes          | |  3.8

Action                   || total
-------------------------++-------
Melee: Dagger            ||   111
 Cast: Corona            ||     1
  Use: Potion            ||     4
 Stab: Sleeping          ||     7
Armor: Robe              ||     8
Dodge: Dodged            ||    84
